Map: Lost and Found LE

Players

Nerchio

  • Race: Zerg Zerg
  • Spawn Location: 7:00

Harstem - Winner!

  • Race: Protoss Protoss
  • Spawn Location: 1:00

Event: WCS Valencia 2018

VOD

Have the link to the VOD?

Description

Time

  • Played on: July 13, 2018, 12:33 p.m.
  • Length: 9:09

All games in this series

Show
View Real Time Build Order
Export as new Build Order

Nerchio Zerg 

Build Orders: Pool First 

Get SALT Encoding   

  12  0:00  Drone  
  13  0:12  Overlord  
  13  0:16  Drone  
  14  0:31  Drone x2  
  14  0:34  Drone  
  17  0:37  Extractor  
  16  0:45  Drone  
  17  0:50  Spawning Pool  
  17  0:56  Drone  
  17  1:17  Hatchery  
  16  1:20  Drone  
  17  1:36  Queen  
  17  1:37  Zergling x2  
  20  1:42  Metabolic Boost  
  20  1:49  Overlord  
  20  1:53  Drone  
  21  1:56  Drone  
  22  2:08  Drone  
  22  2:12  Queen  
  22  2:15  Drone  
  26  2:22  Drone  
  27  2:29  Drone  
  28  2:33  Drone  
  29  2:41  Hatchery  
  29  2:43  Zergling x2  
  29  2:45  Zergling x2  
  29  2:47  Zergling x2  
  31  2:51  Drone  
  31  2:54  Drone  
  31  2:55  Drone  
  34  2:59  Overlord  
  34  3:08  Drone  
  34  3:09  Overlord  
  35  3:13  Drone  
  35  3:18  Drone x3  
  39  3:20  Drone  
  39  3:25  Queen  
  42  3:29  Drone x2  
  44  3:35  Queen  
  46  3:41  Spore Crawler x2  
  46  3:45  Drone  
  46  3:46  Drone  
  46  3:50  Overlord  
  46  3:52  Drone x2  
  46  3:54  Drone  
  49  4:02  Drone x3  
  49  4:03  Drone  
  49  4:10  Drone x2  
  49  4:12  Drone  
  49  4:14  Lair  
  49  4:16  Drone  
  53  4:18  Extractor  
  53  4:21  Drone x2  
  53  4:22  Extractor  
  53  4:26  Drone x2  
  53  4:27  Drone  
  53  4:29  Drone  
  56  4:31  Drone  
  56  4:37  Overlord  
  57  4:40  Overlord  
  57  4:46  Queen  
  60  4:52  Drone  
  60  4:53  Drone x5  
  65  5:08  Spore Crawler  
  65  5:09  Zergling x14  
  65  5:10  Extractor, Zergling x2  
  65  5:14  Hydralisk Den  
  70  5:16  Overlord  
  70  5:25  Overlord x2  
  71  5:28  Drone x2  
  71  5:38  Zergling x18  
  80  5:43  Hydralisk  
  80  5:49  Hydralisk x2  
  82  5:55  Hydralisk x3  
  92  5:58  Hydralisk  
  92  6:01  Hydralisk  
  92  6:02  Hydralisk  
  93  6:05  Zergling x2  
  93  6:09  Zergling x2  
  93  6:10  Zergling x4  
  91  6:12  Drone x2  
  91  6:15  Drone x2  
  91  6:16  Drone  
  92  6:22  Queen  
  92  6:25  Evolution Chamber, Drone x2  
  95  6:28  Drone x2  
  95  6:30  Extractor  
  96  6:34  Spire  
  96  6:36  Drone  
  96  6:37  Drone  
  97  6:43  Drone x3  
  97  6:46  Extractor  
  98  6:48  Overlord  
  98  6:52  Drone x2  
  100  6:55  Zerg Melee Weapons Level 1  
  100  6:56  Drone  
  100  6:57  Hatchery  
  100  6:58  Drone  
  100  7:00  Drone x2  
  103  7:02  Drone  
  103  7:05  Overlord  
  103  7:06  Overlord  
  104  7:09  Overlord  
  104  7:13  Overlord  
  104  7:26  Hydralisk x6  
  104  7:28  Hydralisk  
  117  7:30  Hydralisk  
  117  7:32  Hydralisk  
  117  7:34  Hydralisk  
  122  7:38  Zergling x4  
  122  7:39  Zergling x2  
  122  7:42  Hydralisk x2  
  128  7:47  Hydralisk x2  
  128  7:51  Hydralisk  
  125  7:52  Zergling x4  
  125  7:54  Hydralisk  
  128  7:59  Hydralisk  
  119  8:09  Hydralisk x2  
  111  8:12  Hydralisk  
  111  8:17  Zergling x2  
  93  8:23  Zergling x4  
  89  8:29  Drone  
  72  8:35  Zergling x4  
  72  8:36  Zergling x2  
  72  8:38  Zergling x2  
  72  8:41  Zergling x2  
  75  8:42  Zergling x2  
  75  8:46  Zergling x2  
  75  8:47  Zergling x2  
Show
View Real Time Build Order
Export as new Build Order

Harstem Protoss - Winner!

Build Orders: 1 Gate Expand, Oracle Opening 

Get SALT Encoding   

  12  0:00  Probe  
  13  0:12  Probe  
  14  0:18  Pylon  
  14  0:24  Probe  
  15  0:32  Probe  
  15  0:38  Gateway  
  15  0:40  Probe  
  17  0:51  Probe  
  17  0:52  Assimilator  
  18  1:03  Probe  
  19  1:15  Probe  
  20  1:24  Nexus  
  20  1:35  Cybernetics Core  
  20  1:37  Probe  
  21  1:45  Assimilator  
  21  1:49  Probe  
  22  1:54  Pylon  
  22  2:02  Probe  
  22  2:03  Adept  
  23  2:14  Probe  
  26  2:20  Stalker  
  26  2:23  Stargate  
  26  2:26  Probe  
  29  2:40  Probe x2  
  29  2:42  Warp Gate  
  31  2:52  Probe x2  
  31  2:57  Oracle  
  33  3:04  Probe x2  
  38  3:16  Probe x2  
  38  3:18  Pylon  
  39  3:25  Oracle  
  39  3:28  Probe x2  
  39  3:33  Gateway  
  41  3:39  Gateway  
  41  3:40  Probe  
  45  3:41  Probe  
  45  3:48  Pylon  
  46  3:52  Probe  
  46  3:54  Twilight Council  
  46  3:55  Probe  
  48  4:04  Probe  
  48  4:05  Pylon  
  49  4:10  Resonating Glaives  
  49  4:12  Probe  
  49  4:14  Assimilator  
  49  4:16  Assimilator  
  50  4:17  Pylon  
  50  4:21  Probe  
  50  4:22  Pylon  
  51  4:26  Robotics Facility  
  51  4:29  Probe  
  52  4:36  Probe  
  53  4:42  Probe  
  53  4:45  Adept x2  
  56  4:47  Adept  
  60  5:07  Adept x2  
  60  5:08  Adept  
  60  5:10  Immortal  
  60  5:13  Nexus  
  66  5:17  Pylon  
  70  5:28  Adept x3  
  76  5:35  Gateway  
  76  5:37  Gateway  
  76  5:43  Gateway  
  76  5:49  Gateway  
  76  5:50  Immortal  
  67  6:12  Sentry, Adept  
  67  6:13  Adept  
  67  6:16  Gateway  
  67  6:17  Pylon  
  65  6:20  Probe  
  65  6:21  Warp Prism, Probe  
  67  6:31  Sentry  
  70  6:32  Probe  
  70  6:34  Sentry x3  
  70  6:38  Adept  
  78  6:43  Adept  
  78  6:45  Adept  
  82  6:50  Gateway  
  82  6:51  Pylon  
  83  6:59  Adept x3  
  83  7:00  Adept  
  90  7:02  Sentry  
  92  7:11  Adept x2  
  92  7:14  Pylon  
  97  7:26  Sentry x3, Adept x2  
  97  7:27  Adept  
  108  7:31  Adept  
  108  7:32  Adept  
  112  7:40  Probe  
  104  7:47  Adept x2  
  104  7:48  Adept x2  
  113  7:51  Probe x2  
  110  8:11  Adept x5  
  96  8:21  Probe  
  96  8:23  Sentry x3  
  97  8:28  Adept  
  97  8:31  Probe  
  93  8:36  Sentry  
  93  8:37  Sentry x2  
  96  8:42  Adept  
  96  8:43  Adept  
  96  8:44  Adept  
  96  8:47  Adept  
  102  8:55  Adept x2  
  102  9:02  Adept  
  100  9:05  Adept  
Tags
 
Add a new tag
Caveats
  • Supply blocks, unpowered buildings, or Contaminate may cause inaccurate times.
  • Supply counts are checked every 10 seconds.